AoeStats
← THRASHER171

Arena

506288098Analyzed
1v1 RM · 19d ago on Sep 13, 2026· 68m 2s· 2 players
Game mode
Random Map
Map size
Tiny (2 player)
Population
200
Speed
Normal
Resources
Standard
Victory
Conquest
Starting age
Dark Age
Ending age
Imperial Age
RankedLock teamsTeams togetherTeam positionsShared explorationLock speedFull tech treeHidden civsTurbo modeCheats
Victory
Defeat
🇨🇴 Celts · Colombia
822
+17
🇨🇳 Teutons · China
836
-17
THRASHER171
10:28 Feudal Age
12:51 Loom
15:49 Castle Age
14:18 Double-Bit Axe
14:22 Horse Collar
17:09 Wheelbarrow
19:18 Heavy Plow
21:47 Hand Cart
24:25 Pikeman
29:03 Bow Saw
33:26 Imperial Age
30:57 Gold Mining
31:01 Stone Mining
31:35 Forging
31:16 Fletching
31:32 Scale Mail Armor
32:22 Ballistics
32:13 Masonry
31:47 Treadmill Crane
32:20 Masonry
34:12 Stone Shaft Mining
34:09 Fortified Wall
34:20 Ballistics
33:54 Onager
33:59 Pikeman
34:24 Gambesons
34:45 Halberdier
36:41 Conscription
37:59 Chemistry
37:07 Siege Engineers
38:06 Iron Casting
37:37 Scale Barding Armor
37:49 Chain Mail Armor
37:33 Stronghold
37:40 Stronghold
40:02 Husbandry
39:24 Cavalier
39:26 Light Cavalry
39:59 Man-at-Arms
41:52 Blast Furnace
41:23 Plate Mail Armor
40:49 Bodkin Arrow
41:34 Long Swordsman
42:41 Two-Handed Swordsman
43:47 Furor Celtica
46:54 Chain Barding Armor
46:01 Paladin
46:02 Hussar
46:23 Champion
47:45 Arson
60:37 Siege Onager
changsel
11:06 Feudal Age
11:30 Horse Collar
11:37 Double-Bit Axe
15:15 Wheelbarrow
18:19 Forging
20:24 Castle Age
20:21 Gold Mining
21:31 Bow Saw
21:41 Heavy Plow
27:18 Hand Cart
27:56 Stone Mining
28:27 Fletching
29:15 Stone Shaft Mining
29:52 Bodkin Arrow
32:38 Imperial Age
32:09 Loom
32:10 Town Watch
34:00 Town Patrol
36:40 Ballistics
39:11 Chemistry
39:40 Cavalier
41:33 Crop Rotation
42:10 Two-Man Saw
41:53 Masonry
44:18 Crop Rotation
45:36 Paladin
47:17 Scale Barding Armor
51:12 Chain Barding Armor
57:37 Plate Barding Armor
57:40 Iron Casting
61:51 Blast Furnace
Connection lost

Rejoining the realm…

Still unreachable

The connection could not be restored.

Session expired

The server has moved on; the page needs a fresh start.